 Dungeon Crawl Stone Soup version 0.27-a0-732-ga892ba84f6 (webtiles) character file.

Game seed: 14675286004090779260

579 Lanoc the Magician (level 7, -1/45 HPs)
             Began as a Djinni Fire Elementalist on Mar 23, 2021.
             Was a Follower of Vehumet.
             Slain by Ijyb
             ... wielding a +5 club
              (12 damage)
             ... on level 4 of the Dungeon.
             The game lasted 00:07:58 (5808 turns).

Lanoc the Magician (Djinni Fire Elementalist)       Turns: 5808, Time: 00:07:59

Health: -1/45      AC:  2    Str:  7    XL:     7   Next: 36%
Magic:  0/0        EV: 14    Int: 18    God:    Vehumet [*.....]
Gold:   129        SH:  0    Dex: 14    Spells: 0/17 levels left

rFire    + + .     SeeInvis .   (no weapon)
rCold    x . .     Faith    +   (no shield)
rNeg     . . .     Spirit   .   a - +0 robe
rPois    ∞         Reflect  .   (no helmet)
rElec    .         Harm     .   (no cloak)
rCorr    .         Rampage  .   (no gloves)
Will     .....                  (boots unavailable)
Stlth    +.........             p - amulet of faith
HPRegen  0.15/turn              (no ring)
MPRegen  0.00/turn              (no ring)

@: coronaed, flying, glowing
A: fire resistance 2, cold vulnerability 1, float, innate caster, hp casting,
extra vitality 1
a: Renounce Religion


You were on level 4 of the Dungeon.
You worshipped Vehumet.
Vehumet was aware of your devotion.
You visited 1 branch of the dungeon, and saw 5 of its levels.

You collected 129 gold pieces.

Inventory:

Armour
 a - a +0 robe (worn)
Jewellery
 l - a ring of see invisible
 p - an amulet of faith (around neck)
 r - a ring of ice
Wands
 k - a wand of digging (5)
Scrolls
 b - 3 scrolls of identify {unknown}
 c - 2 scrolls of enchant armour {unknown}
 d - 2 scrolls of silence {unknown}
 e - 4 scrolls of teleportation {unknown}
 f - a scroll of blinking {unknown}
 g - a scroll of magic mapping {unknown}
 j - a scroll of immolation {unknown}
 o - a scroll of fog {unknown}
Potions
 h - 2 potions of curing {unknown}
 i - a potion of might {unknown}
 m - a potion of haste {unknown}
 n - a potion of attraction {unknown}
 q - a potion of cancellation {unknown}
 s - 2 potions of resistance {unknown}


   Skills:
 + Level 0.0 Fighting
 + Level 5.2 Dodging
 - Level 2.1 Stealth
 * Level 5.7 Spellcasting


You couldn't memorise any spells.
You knew the following spells:

 Your Spells              Type           Power      Damage    Failure   Level
a - Foxfire               Conj/Fire      100%       2x1d9     1%          1
b - Conjure Flame         Conj/Fire      25%        6-21      3%          3
c - Inner Flame           Hex/Fire       25%        N/A       3%          3
d - Sticky Flame          Conj/Fire      25%        2d5       12%         4
e - Fireball              Conj/Fire      12%        3d7       32%         5
f - Apportation           Tloc           50%        N/A       1%          1
g - Passwall              Tmut/Erth      20%        N/A       1%          2
h - Dazzling Flash        Conj/Hex       50%        N/A       3%          3
Your spell library was empty.

Dungeon Overview and Level Annotations

Branches:
Dungeon (5/15)
 Temple: D:4-7

Altars:
Kikubaaqudgha
Ru
Sif Muna
Vehumet

Annotations:
D:3 Terence
D:4 Ijyb
D:5 Dowan, Duvessa


Innate Abilities, Weirdness & Mutations

You are immune to poison.
Your flesh is very heat resistant. (rF++)
You are vulnerable to cold. (rC-)
You float through the air rather than walking.
You learn spells naturally, not from books.
Your magical power is your life essence.
You have superior vitality. (+4 HP)


Message History

You conjure some foxfire!
The foxfire hits the quokka but does no damage.
The quokka is almost dead.
The foxfire hits Ijyb.
Ijyb is lightly wounded.
Ijyb hits you with a +5 club! The quokka barely misses you.
Casting: Foxfire (safe; 1% risk of failure)
Confirm with . or Enter, or press ? or * to list all spells.
You conjure some foxfire!
The foxfire hits Ijyb.
Ijyb is heavily wounded.
The foxfire hits the quokka.
You kill the quokka!
Vehumet accepts your kill.
Ijyb grins evilly.
Ijyb hits you with a +5 club!
The foxfire hits Dowan.
Dowan is severely wounded.
The foxfire hits the orc wizard.
The orc wizard is lightly wounded.
Ijyb zaps a wand.
The puff of flame hits you. You resist. Dowan casts a spell at you.
You are outlined in light.
The orc misses you.
You fly upwards.
There is a stone staircase leading down here.
Casting: Foxfire (safe; 1% risk of failure)
Confirm with . or Enter, or press ? or * to list all spells.
You conjure some foxfire!
* * * LOW HITPOINT WARNING * * *
Ijyb hits you with a +5 club.
* * * LOW HITPOINT WARNING * * *
The foxfire hits Ijyb but does no damage.
Ijyb is heavily wounded.
The foxfire hits Ijyb.
Ijyb is severely wounded.
Casting: Foxfire (safe; 1% risk of failure)
Confirm with . or Enter, or press ? or * to list all spells.
You conjure some foxfire!
* * * LOW HITPOINT WARNING * * *
Ijyb hits you with a +5 club!
You die...

##.....#...........#....##
##..#.
###....#..#######........##
##... ......#...#
#..#..##..###.... .........##
#.#######........ ###......#
##.# #........ ##.......### #..#
##########.. #..........#####.##
#........### ..##..........#v.#
#........# # .###.......#...v@#
###...♣♣♣..# ###........###..g#
#.'..♣.(♣..# # #.......##
###.###.'..♣..♣..###
##..#....### #.....#..♣♣♣...#..
#..###.....#####...##........#.#
##..#
#.......###...##........###
#..##
#.............###########.# ...#
##.............## #....
##.###.########.##...# ##...


You could see Ijyb (ally target).

Vanquished Creatures
  A sky beast (D:3)
  An ogre (D:4)
  Blork the orc (D:4)
  A howler monkey (D:4)
  A centaur skeleton (D:4)
  A hound (D:4)
  A bullfrog skeleton (D:4)
  An iguana (D:4)
  A worker ant (D:4)
  A hound skeleton (D:4)
  Robin (D:3)
  3 gnolls (D:4)
  4 adders
  2 adder skeletons
  3 worms (D:4)
  A dart slug (D:1)
  2 orcs
  5 ball pythons
  5 giant cockroaches
  5 goblins (D:3)
  8 hobgoblins
  6 jackals
  A kobold (D:2)
  3 oozes
  4 quokkas
  6 bats
  5 rats
  2 butterflies (D:5)
76 creatures vanquished.

Vanquished Creatures (collateral kills)
  A foxfire (D:3)
1 creature vanquished.

Vanquished Creatures (others)
  424 foxfires
424 creatures vanquished.

Grand Total: 501 creatures vanquished

Notes
Turn   | Place    | Note
-------+----------+-------------------------------------------
     0 | D:1      | Lanoc the Djinni Fire Elementalist began the quest for the
                  | Orb.
     0 | D:1      | Reached XP level 1. HP: 15/15 MP: 0/0
   417 | D:1      | Reached XP level 2. HP: 16/21 MP: 0/0
  1406 | D:2      | Reached XP level 3. HP: 22/25 MP: 0/0
  1406 | D:2      | Learned a level 1 spell: Apportation
  2673 | D:3      | Noticed Robin
  2711 | D:3      | Killed Robin
  2712 | D:3      | Reached XP level 4. HP: 24/31 MP: 0/0
  2822 | D:3      | Noticed a sky beast
  3038 | D:3      | Found a radiant altar of Vehumet.
  3049 | D:3      | Became a worshipper of Vehumet
  3059 | D:3      | Killed a sky beast
  3060 | D:3      | Reached XP level 5. HP: 27/35 MP: 0/0
  3060 | D:3      | Learned a level 2 spell: Passwall
  3060 | D:3      | Found an ancient bone altar of Kikubaaqudgha.
  3066 | D:3      | Identified Kikubaaqudgha's Volume of Evil
  3182 | D:3      | Noticed Terence
  3585 | D:4      | Noticed an ogre
  3593 | D:4      | Killed an ogre
  3594 | D:4      | Reached XP level 6. HP: 24/40 MP: 0/0
  3857 | D:4      | Reached skill level 5 in Spellcasting
  4159 | D:4      | Noticed Blork the orc
  4169 | D:4      | Killed Blork the orc
  4170 | D:4      | Reached skill level 5 in Dodging
  4170 | D:4      | Reached XP level 7. HP: 24/45 MP: 0/0
  4170 | D:4      | Learned a level 3 spell: Dazzling Flash
  5103 | D:4      | Found a sacrificial altar of Ru.
  5691 | D:5      | Entered Level 5 of the Dungeon
  5716 | D:5      | Noticed Duvessa
  5717 | D:5      | Noticed Dowan
  5728 | D:4      | Reached * piety under Vehumet
  5797 | D:5      | Noticed Ijyb
  5808 | D:4      | Slain by Ijyb

Illustrated notes

Levels and vault maps discovered:
D:1:      sevenhm_arrival_forest_fort_large_2, layout_rooms
D:2:      layout_basic, kennysheep_potato
D:3:      layout_basic, grunt_temple_overflow_magic_moments,
          chequers_ecumenical_altar_simple, uniq_terence, uniq_robin
D:4:      layout_layer_cave, lemuel_round_altar, kennysheep_generic_room_7,
          uniq_blork_the_orc
D:5:      layout_rooms, xom_butterflies, grunt_qazlal_clouds, uniq_duvessa,
          uniq_ijyb, uniq_crazy_yiuf_cottage, uniq_grinder

Skill      XL: |  1  2  3  4  5  6 |
---------------+-------------------+-----
Stealth        | 2 |  2.1
Spellcasting   | 3 4 5 |  5.7
Dodging        | 3 4 5 |  5.2

Action                   |  1- 3 |  4- 6 |  7- 9 || total
-------------------------+-------+-------+-------++-------
Melee: Unarmed           |    16 |     5 |       ||    21
 Cast: Foxfire           |    99 |    83 |    69 ||   251
Armor: Robe              |     9 |     3 |     4 ||    16
Dodge: Dodged            |    24 |    15 |    19 ||    58

Table legend: (Time is in decaauts)
 A = Elapsed time spent in this place.
 B = Non-inter-level travel time spent in this place.
 C = Inter-level travel time spent in this place.
 D = Time resting spent in this place.
 E = Time spent auto-exploring this place.
 F = Levels seen in this place.
 G = Mean time per level.
                   A        B        C        D        E       F      G
               +--------+--------+--------+--------+--------+-----+--------+
         Total |   5810 |   5632 |    178 |    467 |   4662 |   5 | 1162.0 |
       Dungeon |   5810 |   5632 |    178 |    467 |   4662 |   5 | 1162.0 |
               +--------+--------+--------+--------+--------+-----+--------+

Top non-repeatable levels by time:
     D:4: 2558 daAuts
     D:2: 1828 daAuts
     D:1: 1054 daAuts
     D:3: 325 daAuts
     D:5: 43 daAuts
